 Dungeon Crawl Stone Soup version 0.29-a0-266-gf56f883ddd (webtiles) character file.

Game seed: 715269991076142911

2011 Aksej the Cutter (level 9, -7/69 HPs)
             Began as a Demonspawn Gladiator on Mar 6, 2022.
             Was a Believer of Kikubaaqudgha.
             Mangled by a two-headed ogre
             ... wielding a +0 giant spiked club
              (24 damage)
             ... on level 6 of the Dungeon.
             The game lasted 00:14:20 (5483 turns).

Aksej the Cutter (Demonspawn Gladiator)             Turns: 5483, Time: 00:14:21

Health: -7/69      AC:  9    Str: 15    XL:     9   Next: 2%
Magic:  12/12      EV: 18    Int: 10    God:    Kikubaaqudgha [**....]
Gold:   234        SH:  0    Dex: 18    Spells: 11/12 levels left

rFire   . . .      SeeInvis .   a - +0 rapier
rCold   . . .      Faith    .   (no shield)
rNeg    . . .      Spirit   .   u - +1 robe of the Demonic God {rPois}
rPois   +          Reflect  .   c - +2 helmet
rElec   .          Harm     .   (no cloak)
rCorr   .          Rampage  .   (no gloves)
Will    .....                   (no boots)
Stlth   ++........              h - amulet of regeneration
HPRegen 1.01/turn               o - +4 ring of evasion
MPRegen 0.13/turn               (no ring)

@: no status effects
A: claws 2, icy blue scales 2, demonic guardian 2
a: Renounce Religion, Receive Corpses


You were on level 6 of the Dungeon.
You worshipped Kikubaaqudgha.
Kikubaaqudgha was pleased with you.
You visited 1 branch of the dungeon, and saw 6 of its levels.
You also visited: Sewer.

You collected 234 gold pieces.

Inventory:

Hand Weapons
 a - a +0 rapier (weapon)
Missiles
 e - a javelin (quivered)
 p - 2 boomerangs
Armour
 c - a +2 helmet (worn)
 j - a scarf of shadows
 u - the +1 robe of the Demonic God (worn) {rPois}
   (You found it on level 5 of the Dungeon)

   rPois:     It protects you from poison.
Jewellery
 h - an amulet of regeneration (around neck)
 o - a +4 ring of evasion (left claw)
Wands
 k - a wand of iceblast (5)
 x - a wand of paralysis (9)
Scrolls
 b - a scroll of fear {unknown}
 g - a scroll of blinking
 q - a scroll of amnesia {unknown}
 r - 4 scrolls of teleportation {unknown}
 t - a scroll of torment {unknown}
 v - a scroll of enchant armour
 y - a scroll of fog {unknown}
Potions
 f - a potion of resistance
 i - a potion of lignification
 l - a potion of brilliance {unknown}
 m - a potion of invisibility
 n - a potion of degeneration {unknown}
 s - a potion of mutation {unknown}
 w - a potion of curing {unknown}
 z - a potion of cancellation
 A - a potion of flight {unknown}


   Skills:
 * Level 5.7 Fighting
 + Level 6.9 Short Blades
 + Level 1.9 Throwing
 + Level 3.0 Armour
 + Level 4.9 Dodging
 + Level 3.1 Stealth
 + Level 2.2 Spellcasting
 + Level 2.7 Necromancy
 + Level 0.1 Evocations


You had 11 spell levels left.
You knew the following spells:

 Your Spells              Type           Power      Damage    Failure   Level
a - Animate Skeleton      Necr           12%        N/A       10%         1

Your spell library contained the following spells:

 Spells                   Type           Power      Damage    Failure   Level
 Pain                     Necr           24%        1d5       10%         1
 Sublimation of Blood     Necr           6%         N/A       16%         2
 Freeze                   Ice            4%         1d3       30%         1
 Vampiric Draining        Necr           6%         2d6       30%         3
 Static Discharge         Conj/Air       1%         N/A       43%         2
 Frozen Ramparts          Ice            2%         1d2       67%         3
 Ozocubu's Armour         Ice            1%         N/A       67%         3
 Agony                    Necr           6%         N/A       95%         5
 Hailstorm                Conj/Ice       1%         3d3       97%         4
 Lightning Bolt           Conj/Air       0%         1d11      100%        5
 Metabolic Englaciation   Hex/Ice        0%         N/A       100%        5
 Summon Forest            Summ/Tloc      0%         N/A       100%        5
 Eringya's Noxious Bog    Tmut/Pois      0%         N/A       100%        6
 Simulacrum               Ice/Necr       1%         N/A       100%        6
 Summon Hydra             Summ           0%         N/A       100%        7
 Maxwell's Capacitive Co  Air            0%         ∞         100%        8


Dungeon Overview and Level Annotations

Branches:
Dungeon (6/15)             Temple (0/1) D:4           Sewer (visited)

Altars:
Kikubaaqudgha
Okawaru


Innate Abilities, Weirdness & Mutations

You have very sharp fingernails.
You are mostly covered in icy blue scales. (AC +3)
A demonic guardian rushes to your aid.


Message History

You kill Grinder!
Kikubaaqudgha accepts your kill.
Your Stealth skill increases to level 3!
You have reached level 9!
Your experience leads to an increase in your attributes!
Increase (S)trength, (I)ntelligence, or (D)exterity?
You feel agile. x2
You barely miss the ogre. You puncture the ogre!
The ogre is moderately wounded.
The ogre hits you with a +0 giant club!
A two-headed ogre comes into view.
It is wielding a +0 giant spiked club and a +0 giant club.
The two-headed ogre shouts in stereo!
You hit the ogre.
The ogre is moderately wounded.
The ogre misses you.
You hit the ogre.
The ogre is heavily wounded.
You hit the ogre.
The ogre is severely wounded.
Casting: Animate Skeleton (safe; 10% risk of failure)
Confirm with . or Enter, or press ? or * to list all spells.
There is nothing nearby to animate!
You hit the two-headed ogre.
The two-headed ogre is lightly wounded.
You hit the two-headed ogre but do no damage.
The two-headed ogre is lightly wounded.
The two-headed ogre hits you with a +0 giant spiked club!!
The two-headed ogre misses you.
You hear a croak.
You barely miss the two-headed ogre.
The two-headed ogre is lightly wounded.
A bullfrog comes into view.
You hit the two-headed ogre.
The two-headed ogre is lightly wounded.
The two-headed ogre hits you with a +0 giant spiked club.
* * * LOW HITPOINT WARNING * * *
The two-headed ogre hits you with a +0 giant club!!
You die...
Kikubaaqudgha rasps: "You have failed me!
Welcome... death!"

#.#..#####
#........#
#.#..##.##
#.#..<#.#
#.#.###.#
#.#.....#
#.<####.# #..#
#.# #..# #@#
#..# #O#######
#..# ##O......#
#..# #.........
#..##.F#####...
#..#.... ..
#.#..5 #.##..[
.. #:.!


You could see a two-headed ogre, an ogre and a bullfrog.

Vanquished Creatures
  Grinder (D:6)
  Prince Ribbit (D:5)
  An ice beast (D:6)
  4 kobold brigands (Sewer)
  Blork the orc (D:4)
  A bullfrog (D:6)
  2 necrophages
  2 scorpions (D:4)
  2 jellies (D:4)
  A hound (D:4)
  2 iguanas
  Natasha (twice) (D:2)
  3 river rats (Sewer)
  6 adders
  2 ufetubi
  4 worms
  2 dart slugs
  8 orcs
  6 endoplasms
  2 giant cockroaches
  5 goblins
  9 hobgoblins
  2 jackals (D:5)
  5 quokkas
  9 ball pythons
  5 bats
  2 frilled lizards
  5 kobolds
  17 rats
  3 rat zombies (D:3)
115 creatures vanquished.

Vanquished Creatures (collateral kills)
  Sigmund (D:2)
  A wyvern (D:5)
  A kobold brigand (Sewer)
  A scorpion (D:4)
  Ijyb (D:5)
  Natasha (D:2)
  2 adders (D:2)
  An orc (D:5)
  A giant cockroach (D:2)
  2 quokkas
  A rat (Sewer)
13 creatures vanquished.

Grand Total: 128 creatures vanquished

Notes
Turn   | Place    | Note
-------+----------+-------------------------------------------
     0 | D:1      | Aksej the Demonspawn Gladiator began the quest for the Orb.
     0 | D:1      | Reached XP level 1. HP: 16/16 MP: 1/1
   373 | D:1      | Gained mutation: A weak demonic guardian rushes to your
                  | aid. [demonic ancestry]
   373 | D:1      | Reached XP level 2. HP: 18/22 MP: 2/2
   374 | D:1      | Reached skill level 3 in Short Blades
   878 | D:1      | Reached skill level 1 in Armour
   961 | D:2      | Gained mutation: A demonic guardian rushes to your aid.
                  | [demonic ancestry]
   961 | D:2      | Reached XP level 3. HP: 26/27 MP: 3/3
  1302 | D:2      | Noticed Sigmund
  1310 | D:2      | Killed Sigmund
  1311 | D:2      | Reached skill level 4 in Short Blades
  1311 | D:2      | Reached skill level 1 in Stealth
  1311 | D:2      | Gained mutation: You are partially covered in icy blue
                  | scales. (AC +2) [demonic ancestry]
  1311 | D:2      | Reached XP level 4. HP: 11/35 MP: 4/4
  1311 | D:2      | Gained mutation: You have sharp fingernails. [demonic
                  | ancestry]
  1311 | D:2      | Reached XP level 5. HP: 13/41 MP: 5/5
  1352 | D:2      | Noticed Natasha
  1362 | D:2      | Killed Natasha
  1664 | D:2      | Noticed Natasha
  1671 | D:2      | Killed Natasha
  1848 | D:2      | Noticed Natasha
  1853 | D:2      | Killed Natasha
  1854 | D:2      | Reached XP level 6. HP: 47/47 MP: 6/6
  2196 | D:3      | Found a faded altar of an unknown god.
  2336 | D:3      | Found an ancient bone altar of Kikubaaqudgha.
  2353 | D:3      | Became a worshipper of Kikubaaqudgha
  2356 | D:3      | Learned a level 1 spell: Animate Skeleton
  2780 | D:4      | Found a staircase to the Ecumenical Temple.
  2960 | D:4      | Found an iron altar of Okawaru.
  3001 | D:4      | Reached skill level 5 in Short Blades
  3001 | D:4      | Gained mutation: You have very sharp fingernails. [demonic
                  | ancestry]
  3001 | D:4      | Reached XP level 7. HP: 41/53 MP: 7/7
  3170 | D:4      | Noticed Blork the orc
  3188 | D:4      | Killed Blork the orc
  3462 | D:5      | Entered Level 5 of the Dungeon
  3600 | D:5      | Reached * piety under Kikubaaqudgha
  3600 | D:5      | Received a gift from Kikubaaqudgha
  3620 | D:5      | Identified the +1 robe of the Demonic God {rPois}
  3755 | D:5      | Noticed Ijyb
  3759 | D:5      | Paralysed by Ijyb for 2 turns
  3765 | D:5      | Killed Ijyb
  3833 | D:5      | Noticed a wyvern
  3847 | D:5      | Killed a wyvern
  3848 | D:5      | Reached skill level 1 in Spellcasting
  3848 | D:5      | Reached skill level 1 in Necromancy
  4006 | D:5      | Found a glowing drain.
  4015 | Sewer    | Entered a sewer
  4064 | Sewer    | Gained mutation: You are mostly covered in icy blue scales.
                  | (AC +3) [demonic ancestry]
  4064 | Sewer    | Reached XP level 8. HP: 57/61 MP: 9/9
  4305 | Sewer    | Reached skill level 6 in Short Blades
  4392 | Sewer    | Reached skill level 5 in Fighting
  4924 | D:5      | Reached ** piety under Kikubaaqudgha
  5175 | D:5      | Noticed Prince Ribbit
  5191 | D:5      | Killed Prince Ribbit
  5433 | D:6      | Noticed Grinder
  5474 | D:6      | Killed Grinder
  5475 | D:6      | Reached XP level 9. HP: 55/69 MP: 12/12
  5476 | D:6      | Noticed a two-headed ogre
  5483 | D:6      | Mangled by a two-headed ogre

Illustrated notes

Levels and vault maps discovered:
D:1:      dpeg_arrival_leaves_temple_mockup, layout_basic
D:2:      layout_basic, uniq_sigmund, uniq_natasha
D:3:      layout_loops_ring, lemuel_zombie_altar_kikubaaqudgha,
          shapermc_ecumenical_altar_petra
D:4:      layout_gridville, okawaru_ov_weapons_minmay,
          minmay_temple_entry_glass, grunt_decor_clamped, uniq_blork_the_orc
D:5:      layout_cave_pods, cheibrodos_sewer_entry_drain,
          minmay_misc_feat_hallway, minivault_4, kennysheep_donut,
          minmay_checkerbox, uniq_ijyb, uniq_prince_ribbit1
D:6:      layout_basic, chequers_ossuary_entry_cave, minmay_circle_x,
          uniq_edmund, uniq_maggie, uniq_pikel, uniq_menkaure, uniq_grinder

Skill      XL: |  1  2  3  4  5  6  7  8 |
---------------+-------------------------+-----
Short Blades   | 3 4 5 6 |  6.9
Armour         | 1 2 3 |  3.0
Fighting       | 3 4 5 |  5.7
Dodging        | 3 4 |  4.9
Stealth        | 1 2 3 |  3.1
Spellcasting   | 1 2 |  2.2
Necromancy     | 1 2 |  2.7
Throwing       | |  1.9
Evocations     | |  0.1

Action                   |  1- 3 |  4- 6 |  7- 9 || total
-------------------------+-------+-------+-------++-------
Melee: Rapier            |    93 |   143 |   395 ||   631
       Punch             |     1 |     1 |     9 ||    11
Throw: Throwing net      |       |     1 |     2 ||     3
 Cast: Animate Skeleton  |       |     1 |    28 ||    29
Evoke: Wand              |       |       |     2 ||     2
  Use: Scroll            |     1 |     3 |     3 ||     7
       Potion            |       |     2 |     2 ||     4
 Stab: Sleeping          |     2 |     5 |     6 ||    13
       Held in net/web   |       |       |     1 ||     1
       Invisible         |       |       |     1 ||     1
Armor: Leather armour    |    28 |    38 |    12 ||    78
       Robe              |       |       |    60 ||    60
Dodge: Dodged            |    46 |   108 |   278 ||   432

Table legend: (Time is in decaauts)
 A = Elapsed time spent in this place.
 B = Non-inter-level travel time spent in this place.
 C = Inter-level travel time spent in this place.
 D = Time resting spent in this place.
 E = Time spent auto-exploring this place.
 F = Levels seen in this place.
 G = Mean time per level.
                   A        B        C        D        E       F      G
               +--------+--------+--------+--------+--------+-----+--------+
         Total |   5600 |   5431 |    169 |      2 |   4177 |   7 |  800.0 |
       Dungeon |   4618 |   4449 |    169 |      2 |   3584 |   6 |  769.7 |
         Sewer |    981 |    981 |      0 |      0 |    592 |   1 |  981.0 |
               +--------+--------+--------+--------+--------+-----+--------+

Top non-repeatable levels by time:
     D:2: 1143 daAuts
     D:5: 1069 daAuts
   Sewer: 981 daAuts
     D:1: 912 daAuts
     D:4: 706 daAuts
     D:3: 699 daAuts
     D:6: 87 daAuts
